AoeStats
← jphilkill

Arena

506623851Analyzed
4v4 RM · 19d ago on Sep 14, 2026· 37m 31s· 8 players
Game mode
Random Map
Map size
Large (8 player)
Population
200
Speed
Normal
Resources
Standard
Victory
Conquest
Starting age
Dark Age
Ending age
Imperial Age
RankedLock teamsTeams togetherTeam positionsShared explorationLock speedFull tech treeHidden civsTurbo modeCheats
Victory
Defeat
🇨🇳 Bohemians · China
944
+16
🇨🇳 Huns · China
920
+17
🇨🇳 Tupi · China
914
+18
🇨🇳 Franks · China
914
+18
🇹🇼 Bohemians · Taiwan
975
-19
🇩🇪 Burgundians · Germany
965
-18
🇹🇷 Italians · Türkiye
930
-16
🇦🇺 Britons · Australia
927
-16
LLHKHAIHDIUA
9:47 Feudal Age
11:29 Double-Bit Axe
11:37 Horse Collar
12:56 Loom
18:35 Castle Age
18:19 Fletching
19:22 Wheelbarrow
18:37 Crossbowman
19:44 Bow Saw
24:31 Murder Holes
29:05 Gold Mining
29:18 Heavy Plow
29:08 Stone Mining
35:38 Imperial Age
34:13 Hand Cart
36:09 Gold Shaft Mining
36:00 Bodkin Arrow
35:49 Capped Ram
36:45 Padded Archer Armor
37:54 Conscription
38:56 Two-Man Saw
重案组之虎
11:30 Feudal Age
16:00 Castle Age
14:50 Double-Bit Axe
14:47 Horse Collar
19:23 Bow Saw
19:36 Heavy Plow
26:16 Chemistry
31:54 Imperial Age
29:52 Padded Archer Armor
29:50 Fletching
30:50 Wheelbarrow
32:45 Hand Cart
33:23 Houfnice
38:42 Two-Man Saw
Mita Lover
2:12 Loom
11:34 Feudal Age
15:39 Castle Age
13:54 Double-Bit Axe
28:04 Bow Saw
29:29 Wheelbarrow
31:19 Hand Cart
32:45 Husbandry
35:50 Imperial Age
34:38 Forging
34:33 Scale Barding Armor
36:32 Gold Mining
36:57 Loom
36:54 Cavalier
知行
11:41 Feudal Age
15:39 Castle Age
14:20 Horse Collar
14:45 Double-Bit Axe
24:59 Wheelbarrow
24:10 Loom
25:46 Bow Saw
25:40 Heavy Plow
29:24 Imperial Age
27:57 Forging
27:53 Scale Barding Armor
29:34 Iron Casting
29:00 Gold Mining
29:46 Marauders
29:26 Elite Tarkan
30:35 Bloodlines
30:26 Husbandry
30:56 Conscription
31:15 Chain Barding Armor
32:32 Plate Barding Armor
32:28 Hand Cart
33:34 Blast Furnace
alpercetiner66
12:38 Feudal Age
19:36 Castle Age
17:43 Horse Collar
17:51 Double-Bit Axe
18:46 Gold Mining
18:47 Stone Mining
19:40 Loom
20:41 Heavy Plow
20:52 Bow Saw
21:59 Stone Shaft Mining
23:07 Wheelbarrow
22:18 Town Watch
23:07 Treadmill Crane
23:48 Ballistics
23:27 Murder Holes
26:28 Masonry
26:29 Fortified Wall
28:42 Hand Cart
29:28 Silk Road
30:07 Fletching
30:25 Padded Archer Armor
31:12 Town Patrol
32:01 Bodkin Arrow
32:22 Leather Archer Armor
32:45 Caravan
37:30 Imperial Age
36:11 Forging
36:01 Scale Mail Armor
Gneisenau HK
11:00 Feudal Age
9:27 Loom
11:44 Double-Bit Axe
13:13 Horse Collar
13:32 Loom
18:43 Castle Age
19:02 Fletching
19:12 Padded Archer Armor
19:14 Scale Mail Armor
19:09 Pikeman
20:10 Squires
21:43 Heavy Plow
22:39 Crossbowman
藍Blue Bean
11:32 Feudal Age
11:21 Loom
15:36 Castle Age
13:23 Double-Bit Axe
15:52 Horse Collar
jphilkill
0:56 Loom
12:22 Feudal Age
11:15 Double-Bit Axe
16:58 Castle Age
15:16 Horse Collar
15:52 Bow Saw
16:23 Gold Mining
16:53 Stone Mining
19:28 Wheelbarrow
19:59 Two-Man Saw
20:25 Pikeman
23:04 Hand Cart
25:04 Stone Shaft Mining
26:06 Gold Shaft Mining
Connection lost

Rejoining the realm…

Still unreachable

The connection could not be restored.

Session expired

The server has moved on; the page needs a fresh start.